[Event "Team 45 45 League T30"]
[Site "Internet Chess Club"]
[Date "2006.03.30"]
[Round "2"]
[White "jonesey"]
[Black "forketta"]
[Result "0-1"]
[WhiteElo "1963"]
[BlackElo "1932"]
[TimeControl "2700+45"]

1. e4 c5 2. c4 Nc6 3. Nc3 g6 4. g3 Bg7 5. Bg2 d6 6. Nge2 Nf6 7. d3 O-O 8. O-O
Ne8 9. Be3 Nd4 10. Rb1 a5 11. a3 Nc7 12. b4 axb4 13. axb4 b6 14. e5 Nxe2+ 15.
Nxe2 Ra3 16. d4 Bf5 17. exd6 exd6 18. Rb3 Ra2 19. Nc1 Bc2 20. Qd2 Bxb3 21. Nxa2
Bxc4 22. Rd1 cxd4 23. Bg5 Qd7 24. Nc1 Re8 25. Bh6 Bxh6 26. Qxh6 Qg4 27. Qd2 Ne6
28. Re1 Rd8 29. Re4 Qg5 30. Qd1 Bd5 31. Rg4 Qf5 32. Bxd5 Qxd5 33. Qd2 Rc8 34.
Nd3 Ra8 35. Qd1 Qc6 36. Nf4 Qc3 37. Ne2 Qb2 38. Kg2 Ra2 39. Kf3 Ra1 40. Nc1 Rxc1
{White resigns} 0-1  aics%

[Event "Team 45 45 League T30"]
[Site "Internet Chess Club"]
[Date "2006.04.04"]
[Round "2"]
[White "DynamoKyiv"]
[Black "TaintedRogue"]
[Result "0-1"]
[WhiteElo "1545"]
[BlackElo "1573"]
[TimeControl "2700+45"]

1. e4 e5 2. Nf3 Nc6 3. Bb5 a6 4. Ba4 b5 5. Bb3 Nf6 6. O-O Bb7 7. c3 Be7 8. d4 d6
9. Nbd2 exd4 10. cxd4 Nb4 11. Re1 Nd3 12. Re2 Nf4 13. Re1 c5 14. Nf1 Ng6 15. Ng3
h5 16. Bc2 cxd4 17. Nxd4 Ne5 18. f4 Neg4 19. Ndf5 h4 20. Nf1 Qc7 21. Nxg7+ Kf8
22. Nf5 h3 23. g3 Rc8 24. Bd3 d5 25. Nxe7 Qxe7 26. e5 Qc5+ 27. Ne3 Nxe3 28. Bxe3
d4 29. Rc1 Qd5 30. Rxc8+ Kg7 31. exf6+ Kxf6 32. Bf1 Qh1+ 33. Kf2 Qxh2+ 34. Bg2
Qxg2# {White checkmated} 0-1  aics%

[Event "Team 45 45 League T30"]
[Site "Internet Chess Club"]
[Date "2006.04.08"]
[Round "2"]
[White "Joyoyo"]
[Black "StevieBlunder"]
[Result "1-0"]
[WhiteElo "1642"]
[BlackElo "1661"]
[TimeControl "2700+45"]

1. e4 c5 2. Nf3 Nc6 3. d4 cxd4 4. Nxd4 Nf6 5. Nc3 e5 6. Ndb5 d6 7. Bg5 a6 8. Na3
b5 9. Bxf6 gxf6 10. Nd5 f5 11. Bd3 f4 12. c3 Bg7 13. Nc2 Be6 14. a4 Na7 15. axb5
Bxd5 16. exd5 Nxb5 17. Rxa6 Nc7 18. Rxa8 Qxa8 19. Nb4 O-O 20. O-O f5 21. Bc4 Ne8
22. Nc6 Qb7 23. b4 Nf6 24. Bb3 Ne4 25. Qd3 Ng5 26. Ra1 e4 27. Qc2 Qf7 28. h4
Nh3+ 29. gxh3 f3 30. Kh2 Qh5 31. b5 Qxh4 32. Rg1 Kh8 33. Qd2 Bh6 34. Qd4+ Rf6
35. b6 Bf4+ 36. Rg3 e3 37. b7 Bxg3+ 38. fxg3 Qg5 39. b8=Q+ Kg7 40. Qc7+ Kh6 41.
Qh4+ Qxh4 42. gxh4 e2 43. Qe7 Rg6 44. Qf8+ Kh5 45. Qxf5+ Kh6 46. Qf4+ Kg7 47.
Qe4 Rg2+ 48. Kh1 Rf2 49. Qd4+ {Black resigns} 1-0  aics%

[Event "Team 45 45 League T30"]
[Site "Internet Chess Club"]
[Date "2006.04.04"]
[Round "2"]
[White "rayngrant"]
[Black "ogoon"]
[Result "1-0"]
[WhiteElo "1660"]
[BlackElo "1654"]
[TimeControl "2700+45"]

1. e4 e6 2. d4 d5 3. Nc3 Nf6 4. Bg5 Be7 5. e5 Nfd7 6. Bxe7 Qxe7 7. Nf3 c5 8. Nb5
Qd8 9. Nd6+ Ke7 10. c3 cxd4 11. cxd4 Nc6 12. a3 f6 13. Qd2 Qf8 14. Qe3 Kd8 15.
Bb5 a6 16. Ba4 h6 17. O-O Na5 18. Rac1 Nc4 19. Nxc4 dxc4 20. Qc3 b5 21. Qa5+ Ke7
22. Bxb5 Rb8 23. Bxc4 Bb7 24. Nh4 Qf7 25. Qb4+ Ke8 26. Nf5 Bxg2 27. Nd6+ Ke7 28.
Nxf7+ Rxb4 29. axb4 Kxf7 30. Kxg2 fxe5 31. dxe5 Nxe5 32. Bxa6 Rb8 33. b5 Kf6 34.
Rfd1 g5 35. b3 h5 36. Rc8 Rb6 37. Rc7 Nf7 38. Rc6 Rb8 39. b6 Ne5 40. Rcd6 Nf7
41. Rc6 Ne5 42. Rdd6 Nxc6 43. Rxc6 Ke7 44. b7 Kd7 45. Rc8 {Black resigns} 1-0 
aics%

[Event "Team 45 45 League T30"]
[Site "Internet Chess Club"]
[Date "2006.04.01"]
[Round "2"]
[White "crankn8tr"]
[Black "frenchmen"]
[Result "1-0"]
[WhiteElo "1597"]
[BlackElo "1412"]
[TimeControl "2700+45"]

1. e4 e6 2. d4 d5 3. Nc3 Nf6 4. Bg5 Be7 5. e5 Ne4 6. Nxe4 dxe4 7. Bxe7 Qxe7 8.
Qe2 Qb4+ 9. c3 Qb6 10. O-O-O O-O 11. Qxe4 Bd7 12. Bd3 g6 13. h4 Bc6 14. Qg4 h5
15. Qg5 Nd7 16. Ne2 Rad8 17. Nf4 Bb5 18. Nxh5 Bxd3 19. Nf6+ Nxf6 20. exf6 Rd5
21. Qh6 {Black resigns} 1-0  aics%  spaceibiza(71): en unos estudios se puso a
pinchar algo d musika house aics%

[Event "Team 45 45 League T30"]
[Site "Internet Chess Club"]
[Date "2006.04.03"]
[Round "2"]
[White "alaskauk"]
[Black "gessie7"]
[Result "0-1"]
[WhiteElo "1468"]
[BlackElo "1487"]
[TimeControl "2700+45"]

1. e4 e5 2. Nf3 Nc6 3. Bb5 a6 4. Bxc6 bxc6 5. O-O d6 6. d4 Bg4 7. dxe5 Be7 8.
Qd3 Bxf3 9. Qxf3 dxe5 10. Nc3 Nf6 11. b3 O-O 12. Rd1 Qb8 13. Qg3 Nh5 14. Qg4 Nf6
15. Qg3 Rd8 16. Bb2 Bd6 17. Rd3 Nh5 18. Qg4 Nf4 19. Rg3 g6 20. Ne2 Qb5 21. Nxf4
exf4 22. Rd3 Be5 23. a4 Qc5 24. Bxe5 Qxe5 25. Rad1 Rxd3 26. cxd3 Qb2 27. Qxf4
Qxb3 28. e5 Qxd1# {White checkmated} 0-1  aics%

[Event "Team 45 45 League T30"]
[Site "Internet Chess Club"]
[Date "2006.04.01"]
[Round "2"]
[White "hansolo1000"]
[Black "LeifEricson"]
[Result "1/2-1/2"]
[WhiteElo "1672"]
[BlackElo "1893"]
[TimeControl "2700+45"]

1. d4 c5 2. d5 b5 3. Nf3 g6 4. e4 a6 5. Be3 d6 6. Nbd2 Bg7 7. c3 Nf6 8. h3 O-O
9. Bd3 Nbd7 10. O-O Qc7 11. Bc2 a5 12. a4 b4 13. c4 h6 14. Rb1 e5 15. Nh4 Nh5
16. Qf3 Kh7 17. Nf5 Ndf6 18. Nxg7 Kxg7 19. g4 Nf4 20. Bxf4 exf4 21. Qxf4 h5 22.
f3 hxg4 23. fxg4 Qe7 24. Rbe1 Nd7 25. Nf3 Rh8 26. Kg2 b3 27. Bxb3 Rb8 28. Re3
Rb4 29. Rf2 Ba6 30. Rc3 Rhb8 31. Qe3 Nf6 32. Nd2 Bc8 33. Qg5 R8b7 34. Re2 Nh7
35. Qxe7 Rxe7 36. Nf3 Reb7 37. Ree3 Bd7 38. e5 dxe5 39. Nxe5 Bxa4 40. Bxa4 Rxa4
41. b3 Ra2+ 42. Kg3 Rd2 43. Nd3 Rc7 44. Ne5 Nf6 45. d6 Rxd6 46. Rcd3 Re6 47. Nf3
Ne4+ 48. Kg2 Rce7 49. Nd2 Nxd2 50. Rxe6 Rxe6 51. Rxd2 Re3 52. Rd5 Rxb3 53. Rxc5
a4 54. Ra5 a3 55. c5 Kf6 56. c6 Ke7 57. c7 Kd7 58. Ra7 Kc8 59. h4 Rc3 60. h5
gxh5 61. gxh5 Rc5 62. Rxa3 Rxh5 63. Kg3 Rb5 64. Rf3 f5 65. Kf4 Kxc7 66. Kg5
{Game drawn by mutual agreement} 1/2-1/2  aics%

[Event "Team 45 45 League T30"]
[Site "Internet Chess Club"]
[Date "2006.04.01"]
[Round "2"]
[White "scyther314159"]
[Black "Cantemir"]
[Result "1/2-1/2"]
[WhiteElo "1638"]
[BlackElo "1530"]
[TimeControl "2700+45"]

1. e4 e6 2. d4 c5 3. c3 cxd4 4. cxd4 Bb4+ 5. Nc3 Qh4 6. Bd3 Nf6 7. Nf3 Qh5 8.
O-O Qa5 9. Bd2 Bxc3 10. Bxc3 Qd8 11. Qb3 O-O 12. Rfe1 Nc6 13. d5 Ne7 14. Bxf6
gxf6 15. dxe6 fxe6 16. e5 Ng6 17. Bxg6 hxg6 18. Rad1 Qe7 19. Qe3 Qh7 20. exf6
Rxf6 21. Qg5 Rf5 22. Qd8+ Rf8 23. Qc7 a5 24. Re5 Ra6 25. Rxa5 Rc6 26. Qg3 Rc2
27. Rg5 Rf6 28. Ne5 Kg7 29. Nxd7 Rfxf2 30. Qxf2 Rxf2 31. Kxf2 Qxh2 32. Ne5 Qf4+
33. Nf3 Qf6 34. Rc5 Qxb2+ 35. Rd2 Qb6 36. Rc2 Bd7 37. Ne5 Bc6 38. Nxc6 bxc6 39.
Ke2 Qa6+ 40. Kd2 Qa3 41. Rxc6 Qa5+ 42. Ke2 Qh5+ 43. Kf1 Qh1+ 44. Kf2 Qh4+ 45.
Kg1 Qe1+ 46. Kh2 Qh4+ 47. Kg1 Qe1+ {Game drawn by mutual agreement} 1/2-1/2 
aics%

[Event "Team 45 45 League T30"]
[Site "Internet Chess Club"]
[Date "2006.04.07"]
[Round "2"]
[White "chevalpnh"]
[Black "rgadoury"]
[Result "1/2-1/2"]
[WhiteElo "1413"]
[BlackElo "1363"]
[TimeControl "2700+45"]

1. e4 Nc6 2. c3 d5 3. Qc2 Nf6 4. exd5 Nxd5 5. Bb5 e6 6. Nf3 Bd7 7. d4 Be7 8. O-O
O-O 9. Bd3 Nf6 10. Bg5 h6 11. Bxf6 Bxf6 12. Nbd2 Ne7 13. Ne4 Nd5 14. a3 Nf4 15.
Bc4 b5 16. Ba2 Bc6 17. Bb1 Bxe4 18. Qxe4 Ng6 19. h4 Qd5 20. Qd3 h5 21. Re1 Rfe8
22. Bc2 a6 23. Re2 c5 24. Rae1 c4 25. Qd2 Nxh4 26. Nxh4 Bxh4 27. Re5 Qd8 28.
Rxh5 Bf6 29. Qe3 Rb8 30. Qh3 Kf8 31. Be4 Rb6 32. Bf3 Rd6 33. d5 e5 34. g4 g6 35.
Rh7 Ke7 36. Be4 Rh8 37. Bxg6 Rxh7 38. Qxh7 Qf8 39. g5 Bg7 40. Be4 f6 41. gxf6+
Qxf6 42. Re3 Qh6 43. Qf5 Qf6 44. Qc8 Rd8 45. Qc7+ Rd7 {Game drawn by mutual
agreement} 1/2-1/2  aics%

[Event "Team 45 45 League T30"]
[Site "Internet Chess Club"]
[Date "2006.04.01"]
[Round "2"]
[White "pokerram"]
[Black "Knight77"]
[Result "0-1"]
[WhiteElo "1648"]
[BlackElo "1785"]
[TimeControl "2700+45"]

1. d4 Nf6 2. c4 g6 3. Nc3 Bg7 4. e4 d6 5. Nf3 O-O 6. Be2 e5 7. O-O Nbd7 8. h3
Re8 9. d5 h6 10. Be3 Nf8 11. Qd2 Kh7 12. Nh2 g5 13. Ng4 Ng6 14. Nxf6+ Qxf6 15.
Bg4 Nf4 16. Bxc8 Rexc8 17. Kh2 g4 18. Bxf4 exf4 19. hxg4 Qh4+ 20. Kg1 f3 21. Qd3
Be5 22. g3 Bxg3 23. e5+ Kg8 24. fxg3 Qxg3+ 25. Kh1 Qg2# {White checkmated} 0-1 
aics%

[Event "Team 45 45 League T30"]
[Site "Internet Chess Club"]
[Date "2006.04.02"]
[Round "2"]
[White "tammany"]
[Black "Pawndemonium"]
[Result "1-0"]
[WhiteElo "1604"]
[BlackElo "1406"]
[TimeControl "2700+45"]

1. e4 e5 2. Nf3 Nc6 3. Bb5 d6 4. d4 Bd7 5. d5 Nce7 6. Bxd7+ Qxd7 7. O-O Ng6 8.
c4 Nf6 9. Nc3 h5 10. Re1 h4 11. h3 Nh5 12. b4 Ngf4 13. Bxf4 Nxf4 14. Kh2 Be7 15.
Qa4 c6 16. dxc6 bxc6 17. Rad1 g5 18. Nxe5 Qd8 19. Nxc6 Qc7 20. Nxe7+ Kxe7 21.
Nd5+ Nxd5 22. exd5+ Kf6 23. Qb3 Rhe8 24. Re3 Rxe3 25. fxe3 Re8 26. Qd3 Re5 27.
a4 Qe7 28. Rf1+ Kg7 29. Rf3 Re4 30. Qc3+ Kg6 31. a5 f5 32. c5 dxc5 33. bxc5 g4
34. hxg4 fxg4 35. d6 Qe6 36. Rf1 Rxe3 37. Qd4 h3 38. d7 hxg2 39. Rf6+ Qxf6 40.
Qxf6+ Kxf6 41. d8=Q+ Kf5 42. Kxg2 Re2+ 43. Kf1 Ra2 44. Qd5+ {Black resigns} 1-0 
aics%

[Event "Team 45 45 League T30"]
[Site "Internet Chess Club"]
[Date "2006.04.02"]
[Round "2"]
[White "LIVVI"]
[Black "dougmo"]
[Result "0-1"]
[WhiteElo "1470"]
[BlackElo "1539"]
[TimeControl "2700+45"]

1. c4 e6 2. Nf3 Nf6 3. Nc3 b6 4. e3 Bb7 5. Be2 c5 6. d3 Nc6 7. Bd2 Be7 8. Nb5 a6
9. Na3 d6 10. Bc3 O-O 11. Nc2 d5 12. Ne5 Nxe5 13. Bxe5 dxc4 14. dxc4 Qxd1+ 15.
Rxd1 Bxg2 16. Rg1 Be4 17. Na1 Rfd8 18. Rd2 Rxd2 19. Kxd2 Bc6 20. f3 Rd8+ 21. Kc3
b5 22. b3 g6 23. Rd1 Rxd1 24. Bxd1 Nd7 25. Bg3 Bf6+ 26. Kd3 Bxa1 27. e4 Ne5+ 28.
Bxe5 Bxe5 29. h3 f5 30. Be2 Bd4 31. Bf1 e5 32. Bg2 fxe4+ 33. fxe4 g5 34. Bf3 Bd7
35. Bg4 Bxg4 36. hxg4 Kg7 37. Ke2 Kg6 38. Kf3 h5 39. gxh5+ Kxh5 40. Kg3 g4 41.
Kg2 Kh4 42. cxb5 axb5 43. a4 c4 44. bxc4 bxc4 45. a5 c3 46. a6 c2 47. a7 Bxa7
48. Kh1 c1=Q+ 49. Kg2 Qg1# {White checkmated} 0-1  aics%

[Event "Team 45 45 League T30"]
[Site "Internet Chess Club"]
[Date "2006.04.02"]
[Round "2"]
[White "Two-DogMan"]
[Black "Relapse"]
[Result "0-1"]
[WhiteElo "1481"]
[BlackElo "1388"]
[TimeControl "2700+45"]

1. e4 c5 2. Nf3 d6 3. c4 Nc6 4. Be2 Bg4 5. Nc3 e6 6. d3 Nf6 7. O-O Be7 8. Bf4
Bxf3 9. Bxf3 O-O 10. Ne2 Rc8 11. Be3 e5 12. Ng3 Nd4 13. b3 b6 14. Bg4 Nxg4 15.
Qxg4 Nc2 16. Rac1 Nb4 17. Bh6 g6 18. Bxf8 Kxf8 19. Qe2 Bh4 20. a3 Nc6 21. Qg4
Nd4 22. Rb1 Bxg3 23. fxg3 Kg7 24. b4 Nc2 25. bxc5 Ne3 26. Qf3 Nxf1 27. Rxf1 Qe7
28. cxd6 Qe6 29. a4 Rf8 30. h4 Qxd6 31. Qd1 Qd4+ 32. Kh1 f6 33. g4 Qd7 34. Kh2
h6 35. Rf3 Qxg4 36. Kg1 Qxh4 37. Qb3 Qe1+ 38. Rf1 Qe3+ 39. Kh2 Rd8 40. Qb4 Rd7
41. a5 bxa5 42. Qxa5 Qxd3 43. Qa6 Qxf1 44. Qe6 Rf7 45. c5 Qf4+ 46. Kg1 Qxe4 47.
Qd6 Qb7 48. c6 Qc7 49. Qd5 Qb6+ 50. Kh2 Rc7 51. Qd6 Qxc6 {White resigns} 0-1 
aics%

[Event "Team 45 45 League T30"]
[Site "Internet Chess Club"]
[Date "2006.04.03"]
[Round "2"]
[White "searchforbobby1"]
[Black "Nelsi"]
[Result "1-0"]
[WhiteElo "2102"]
[BlackElo "2213"]
[TimeControl "2700+45"]

1. e4 e5 2. d4 exd4 3. Qxd4 Nc6 4. Qe3 g6 5. Nc3 Bg7 6. Bd2 d6 7. O-O-O a6 8. f4
Nge7 9. Qg3 f5 10. Bc4 b5 11. Bb3 b4 12. Nd5 a5 13. e5 dxe5 14. Be3 Bd7 15. fxe5
Nxd5 16. Bxd5 Qe7 17. e6 Bxe6 18. Bxc6+ Kf7 19. Bxa8 Rxa8 20. Nf3 Bxa2 21. Bg5
Qc5 22. Rd7+ Kg8 23. Qxc7 Qxc7 24. Rxc7 a4 25. Rd1 a3 26. bxa3 bxa3 27. Rxg7+
Kxg7 28. Rd7+ Kg8 29. Rd8+ Rxd8 30. Bxd8 Kf7 31. Ba5 Bd5 32. Kd2 a2 33. Bc3 h6
34. Bb2 g5 35. c4 Be4 36. Ke3 Ke6 37. g3 Kd6 38. Bd4 Bc2 39. Ne5 Ke6 40. Nd3 h5
41. Nb4 Bb3 42. c5 h4 43. gxh4 gxh4 44. Kf4 Bc4 45. Kg5 h3 46. c6 Kd6 47. Kxf5
Be6+ 48. Kf6 Bg4 49. Kf7 Bh5+ 50. Kf6 Bg4 51. Nxa2 Kxc6 52. Nc3 Bf3 53. Ke5 Bg2
54. Kf4 Bh1 55. Kg3 Bg2 56. Ne2 Kd5 57. Ba7 Ke4 58. Nf4 Bf1 59. Nxh3 Kf5 60. Nf4
Bb5 61. Bd4 Be8 62. h4 Bf7 63. Bb6 Be8 64. h5 Bxh5 65. Nxh5 Ke4 66. Nf4 Ke5 67.
Kf3 Kd6 68. Ke4 Kc6 69. Nd5 Kd6 70. Nb4 Kd7 71. Kd5 Kc8 72. Kc6 Kb8 73. Nd5 Ka8
74. Nc7+ Kb8 75. Bc5 Kc8 76. Na6 Kd8 77. Nb8 Ke8 78. Nd7 Kf7 79. Kd5 Kg6 80.
Ne5+ Kf5 81. Be3 Kf6 82. Ke4 Ke6 83. Bc5 Kf6 84. Nc4 Kg5 85. Bd6 Kg4 86. Ne3+
Kh3 87. Kf3 Kh4 88. Be5 Kh3 89. Nd5 Kh4 90. Nf6 Kh3 91. Ne4 Kh4 92. Bf4 Kh3 93.
Nf2+ Kh4 94. Ke4 Kh5 95. Kf5 Kh4 96. Be5 Kh5 97. Bg3 Kh6 98. Bh4 Kh5 99. Bf6 Kh6
100. Ne4 Kh5 101. Ng3+ Kh6 102. Ne2 Kh5 103. Nf4+ Kh6 104. Ke6 Kh7 105. Kf7 Kh6
106. Bh4 Kh7 107. Bg5 Kh8 108. Kg6 Kg8 109. Bh6 Kh8 110. Nd5 Kg8 111. Nf6+
{White declared winner by adjudication} 1-0

[Event "Team 45 45 League T30"]
[Site "Internet Chess Club"]
[Date "2006.04.01"]
[Round "2"]
[White "PaulKaspar"]
[Black "azbycx"]
[Result "0-1"]
[WhiteElo "1864"]
[BlackElo "1850"]
[TimeControl "2700+45"]

1. e4 c5 2. Nf3 Nf6 3. e5 Nd5 4. c4 Nb6 5. Nc3 e6 6. Be2 d5 7. cxd5 exd5 8. d4
c4 9. O-O Be7 10. Bf4 a6 11. Qc1 h6 12. a4 Be6 13. a5 N6d7 14. Qc2 Nc6 15. b3
cxb3 16. Qxb3 Nxa5 17. Qa2 b6 18. Nxd5 Nxe5 19. Nxe5 Qxd5 20. Qxd5 Bxd5 21. Rfb1
Bd8 22. Bd2 Nb3 23. Ra2 Nxd4 24. Bxa6 Bxa2 {White resigns} 0-1  aics%

[Event "Team 45 45 League T30"]
[Site "Internet Chess Club"]
[Date "2006.04.03"]
[Round "2"]
[White "alexcolins"]
[Black "viking99"]
[Result "1-0"]
[WhiteElo "1887"]
[BlackElo "1806"]
[TimeControl "2700+45"]

1. d4 Nf6 2. Nf3 g6 3. Nc3 d5 4. Bf4 Bg7 5. e3 a6 6. Be2 O-O 7. Ne5 c6 8. h4 Qa5
9. Qd2 Nbd7 10. h5 Nxe5 11. Bxe5 Ng4 12. Bxg7 Kxg7 13. hxg6 hxg6 14. Bxg4 Bxg4
15. f3 Bf5 16. e4 dxe4 17. Qh6+ Kf6 18. fxe4 Bxe4 19. O-O+ Bf5 20. Rae1 Rh8 21.
Ne4+ Ke6 22. Nc5+ Kd5 23. Re5+ Kc4 24. b3+ Kc3 25. Qe3+ Kb2 26. Na4+ Qxa4 27.
bxa4 Bxc2 28. Qc1+ Kc3 29. Rc5+ Kxd4 30. Qxc2 {Black resigns} 1-0  aics%

[Event "Team 45 45 League T30"]
[Site "Internet Chess Club"]
[Date "2006.04.02"]
[Round "2"]
[White "Zillmer"]
[Black "NFork"]
[Result "1/2-1/2"]
[WhiteElo "2130"]
[BlackElo "2192"]
[TimeControl "2700+45"]

1. e4 d5 2. exd5 Nf6 3. c4 c6 4. d4 cxd5 5. Nc3 e6 6. Nf3 a6 7. cxd5 Nxd5 8. Bd3
Be7 9. O-O Nc6 10. Re1 O-O 11. Be4 Nf6 12. Bxc6 bxc6 13. Ne5 Bb7 14. Bg5 c5 15.
dxc5 Bxc5 16. Qe2 Be7 17. Rad1 Qc7 18. Nd7 Rfd8 19. Nxf6+ Bxf6 20. Bxf6 gxf6 21.
Ne4 Bxe4 22. Qxe4 Rxd1 23. Qxa8+ Qd8 24. Qxd8+ Rxd8 25. Kf1 Rd2 {Game drawn by
mutual agreement} 1/2-1/2  aics%

[Event "Team 45 45 League T30"]
[Site "Internet Chess Club"]
[Date "2006.04.01"]
[Round "2"]
[White "NoLuckOnlySkill"]
[Black "houthakker"]
[Result "1/2-1/2"]
[WhiteElo "1974"]
[BlackElo "2130"]
[TimeControl "2700+45"]

1. e4 e6 2. Nc3 d5 3. d4 Bb4 4. e5 c5 5. Bb5+ Bd7 6. Bxd7+ Qxd7 7. Nf3 Nc6 8.
Bf4 cxd4 9. Nxd4 Nxd4 10. Qxd4 Ba5 11. O-O Ne7 12. Qd3 a6 13. Rfd1 Qc6 14. Ne2
Bb6 15. Rac1 Qc7 16. c4 Qd7 17. Nc3 Rd8 18. b4 dxc4 19. Qxc4 Qc6 20. Rxd8+ Bxd8
21. Ne4 O-O 22. Nd6 Qxc4 23. Rxc4 b5 24. Rc1 Nd5 25. Bd2 Be7 26. Rc6 Ra8 27. a3
f6 28. f4 g5 29. g3 gxf4 30. gxf4 Kg7 31. Kg2 Kg6 32. Kf3 Bxd6 33. exd6 Kf7 34.
Ke4 Ke8 35. f5 Kd7 36. Rc5 Kxd6 37. fxe6 Ne7 38. Rh5 Kxe6 39. Rxh7 Rd8 40. Ke3
Nf5+ 41. Ke2 Nd4+ 42. Kf2 Rc8 43. h4 Rc2 44. Ke3 Nf5+ 45. Kd3 Ra2 46. Bc3 Rxa3
47. Kc2 Ra2+ 48. Bb2 Ra4 49. Kb3 a5 50. bxa5 Rxa5 51. h5 Ra4 52. Rb7 Nd4+ 53.
Kc3 Ne2+ 54. Kd2 Rb4 55. Rb6+ Kf5 56. Bxf6 Re4 57. h6 Kg6 58. Bd4+ Kh7 59. Be3
Nf4 60. Rf6 Nd5 61. Rf7+ Kg8 62. h7+ Kxf7 63. h8=Q Rxe3 64. Qa8 Ke6 65. Qc6+ Ke5
66. Qxb5 Kd6 67. Qb8+ Kc6 68. Qd8 Rc3 69. Qg5 Kd6 70. Qf5 Re3 71. Qg4 Rc3 72.
Qe4 Re3 73. Qg6+ Ke5 74. Qe8+ Kd6 75. Qd8+ Ke5 {Game drawn by mutual agreement}
1/2-1/2  aics%

[Event "Team 45 45 League T30"]
[Site "Internet Chess Club"]
[Date "2006.04.02"]
[Round "2"]
[White "jerq"]
[Black "Sergio56"]
[Result "0-1"]
[WhiteElo "1758"]
[BlackElo "1904"]
[TimeControl "2700+45"]

1. e4 d5 2. exd5 Nf6 3. Nf3 Nxd5 4. d4 Bg4 5. Be2 e6 6. O-O Be7 7. c4 Nf6 8. Qb3
Qc8 9. Nc3 O-O 10. Be3 Nbd7 11. Ne5 Bxe2 12. Nxe2 c5 13. Rad1 cxd4 14. Nxd7 Nxd7
15. Rxd4 Bf6 16. Rd6 Be5 17. Rd3 Nc5 18. Bxc5 Qxc5 19. Qc2 Rac8 20. b3 b5 21.
Rc1 bxc4 22. Qxc4 Bxh2+ 23. Kxh2 Qe5+ 24. Qf4 Qxf4+ 25. Nxf4 Rxc1 26. Rd2 Rfc8
27. Kg3 Kf8 28. Rd7 R1c7 29. Rd3 Rc3 30. Rxc3 Rxc3+ 31. f3 Rc2 {White resigns}
0-1  aics%

[Event "Team 45 45 League T30"]
[Site "Internet Chess Club"]
[Date "2006.04.02"]
[Round "2"]
[White "StrayLite"]
[Black "A-Ru"]
[Result "1-0"]
[WhiteElo "1973"]
[BlackElo "1910"]
[TimeControl "2700+45"]

1. e4 e6 2. d4 d5 3. Nc3 Nf6 4. e5 Nfd7 5. f4 c5 6. Nf3 Nc6 7. Be3 Qb6 8. Na4
Qa5+ 9. c3 cxd4 10. Nxd4 Nxd4 11. b4 Bxb4 12. Bxd4 Nc5 13. cxb4 Qxb4+ 14. Nc3
Ne4 15. Qa4+ Qxa4 16. Nxa4 Bd7 17. Nc5 O-O-O 18. Nxd7 Rxd7 {Black resigns} 1-0 
aics%

[Event "Team 45 45 League T30"]
[Site "Internet Chess Club"]
[Date "2006.03.31"]
[Round "2"]
[White "Kingofknights"]
[Black "FatManMGS2"]
[Result "1/2-1/2"]
[WhiteElo "1669"]
[BlackElo "1905"]
[TimeControl "2700+45"]

1. d4 Nf6 2. c4 e6 3. Nc3 d5 4. Bg5 c6 5. cxd5 exd5 6. e3 Nbd7 7. Qc2 Bb4 8. Bd3
h6 9. Bh4 c5 10. a3 Qa5 11. Bxf6 Nxf6 12. Nf3 c4 13. Be2 Bf5 14. Qc1 Bxc3+ 15.
Qxc3 Qc7 16. b3 Ne4 17. Qb4 a5 18. Qb5+ Kf8 19. Qxd5 cxb3 20. Qxb3 g5 21. O-O g4
22. Rfc1 Qe7 23. Ne5 h5 24. Qc4 Rc8 25. Qxf7+ Qxf7 26. Rxc8+ Bxc8 27. Nxf7 Kxf7
28. Rc1 Rf8 29. Rc7+ Ke6 30. f4 gxf3 31. Bxf3 Nd2 32. Kf2 Kd6 33. Rc2 Nxf3 34.
gxf3 Bg4 35. f4 Bf5 36. Rc5 b6 37. Re5 Bg4 38. h3 Bxh3 {Game drawn by mutual
agreement} 1/2-1/2  aics%

[Event "Team 45 45 League T30"]
[Site "Internet Chess Club"]
[Date "2006.04.03"]
[Round "2"]
[White "chsrules88"]
[Black "DaveTheRook"]
[Result "1-0"]
[WhiteElo "1904"]
[BlackElo "1671"]
[TimeControl "2700+45"]

1. e4 e5 2. Nf3 Nc6 3. Bb5 a6 4. Ba4 Nf6 5. O-O Be7 6. Re1 b5 7. Bb3 O-O 8. c3
d6 9. h3 Na5 10. d3 Nxb3 11. axb3 c5 12. Bg5 Re8 13. c4 b4 14. Nbd2 h6 15. Bxf6
Bxf6 16. Nf1 Be6 17. Qc2 Kh7 18. Ne3 Qc8 19. Kh2 g5 20. Nd5 Bxd5 21. cxd5 g4 22.
Ng1 gxh3 23. Nxh3 Qg4 24. Qd1 Qxd1 25. Rexd1 Ra7 26. Ng1 Bg5 27. Nf3 Be7 28. Nd2
Bg5 29. Nc4 Be7 30. Ra4 Rea8 31. Rda1 a5 32. Nxa5 Ra6 33. Nc6 Rxa4 34. Rxa4 Re8
35. Ra7 Bg5 36. Rxf7+ Kg6 37. Rd7 Bf4+ 38. g3 Bg5 39. Rxd6+ Kh5 40. Kh3 Rf8 41.
g4# {Black checkmated} 1-0  aics% 


:12
aics%

[Event "ICC 45 45"]
[Site "Internet Chess Club"]
[Date "2006.04.02"]
[Round "2"]
[White "az2112"]
[Black "Fineas-Fogg"]
[Result "1-0"]
[WhiteElo "1723"]
[BlackElo "1412"]
[TimeControl "2700+45"]

1. e4 e6 2. d3 d5 3. Nd2 c5 4. Ngf3 Nf6 5. e5 Nfd7 6. g3 Nc6 7. Qe2 Qc7 8. Nb3
Ncxe5 9. Bf4 Bd6 10. O-O-O b5 11. Nxe5 Nxe5 12. Bxe5 Bxe5 13. d4 c4 14. dxe5
cxb3 15. Qxb5+ Bd7 16. Qxb3 Rb8 17. Qa3 Qxe5 18. f4 Qf6 19. c3 e5 20. fxe5 Qxe5
21. Bh3 Qe3+ 22. Kb1 Qb6 23. Rhe1+ Be6 24. Rxd5 Qf2 25. Rde5 Rb5 26. Rxe6+ fxe6
27. Rxe6+ Kd7 28. Qe7+ Kc8 29. Re2+ {Black resigns} 1-0  aics%

[Event "Team 45 45 League T30"]
[Site "Internet Chess Club"]
[Date "2006.04.03"]
[Round "2"]
[White "PublisherKing"]
[Black "Lipsome123"]
[Result "1-0"]
[WhiteElo "1939"]
[BlackElo "1873"]
[TimeControl "2700+45"]

1. c4 c6 2. Nf3 d5 3. d4 Nf6 4. Nc3 e6 5. Bg5 dxc4 6. e4 b5 7. e5 h6 8. Bh4 g5
9. Nxg5 hxg5 10. Bxg5 Nbd7 11. exf6 Qb6 12. Be2 Bb7 13. O-O O-O-O 14. Bf3 Bd6
15. h3 Rdg8 16. Ne4 Bb8 17. Qd2 c5 18. dxc5 Nxc5 19. Nxc5 Qxc5 20. Bxb7+ Kxb7
21. Qd7+ Ka8 22. Be3 Rxh3 23. Rfe1 Qc7 24. Qxc7 Bxc7 25. Rad1 Rh2 26. g3 Rgh8
27. Kf1 Rh1+ 28. Ke2 Rxe1+ 29. Rxe1 Ba5 30. Rd1 Rd8 31. g4 Rxd1 32. Kxd1 Kb7 33.
g5 Kc7 34. Bxa7 Kd7 35. Bc5 Bc7 36. g6 fxg6 37. f7 {Black resigns} 1-0  aics%

[Event "Team 45 45 League T30"]
[Site "Internet Chess Club"]
[Date "2006.04.01"]
[Round "2"]
[White "QuantumWell"]
[Black "kabindra"]
[Result "1-0"]
[WhiteElo "1949"]
[BlackElo "1818"]
[TimeControl "2700+45"]

1. c4 e5 2. Nc3 Nf6 3. Nf3 Nc6 4. d4 exd4 5. Nxd4 Nxd4 6. Qxd4 Be7 7. e4 c5 8.
Qd3 d6 9. Be2 O-O 10. O-O a6 11. Bf4 Qb6 12. b3 Rd8 13. Rfd1 Be6 14. Rd2 Qc7 15.
Rad1 Kh8 16. Qg3 Ne8 17. e5 dxe5 18. Bxe5 Qa5 19. Bf3 Rxd2 20. Rxd2 Bf6 21. Bxb7
Rd8 22. Rxd8 Qxd8 23. Bxf6 Nxf6 24. Nd5 Bxd5 25. cxd5 h6 26. Qd3 a5 27. h3 Qd6
28. a3 g6 29. Qc3 Kg7 30. Qxa5 Nxd5 31. Qd2 Qf4 32. Qxd5 Qc1+ 33. Kh2 Qf4+ 34.
g3 Qxf2+ 35. Qg2 Qd4 36. a4 c4 37. bxc4 Qxc4 38. Qb2+ Kg8 39. a5 Qa4 40. a6 h5
41. Qf2 h4 42. a7 hxg3+ 43. Kxg3 Qa3+ 44. Kg2 Qa5 45. a8=Q+ {Black resigns} 1-0 
aics%

[Event "Team 45 45 League T30"]
[Site "Internet Chess Club"]
[Date "2006.04.02"]
[Round "2"]
[White "tonycage11"]
[Black "Theodulf"]
[Result "1-0"]
[WhiteElo "1864"]
[BlackElo "1679"]
[TimeControl "2700+45"]

1. e4 e5 2. Nf3 Nf6 3. Nxe5 d6 4. Nf3 Nxe4 5. d4 d5 6. Bd3 Be7 7. Nbd2 f5 8. O-O
O-O 9. Re1 Nc6 10. c4 Nb4 11. Bf1 Be6 12. a3 Nc6 13. Qb3 Na5 14. Qc2 dxc4 15.
Nxe4 fxe4 16. Qxe4 Rf6 17. Bg5 Rg6 18. Bxe7 Qxe7 19. d5 Nb3 20. Rad1 Nc5 21.
Qxc4 b5 22. Qe2 Re8 23. dxe6 Rxe6 24. Qxb5 Rxe1 25. Rxe1 Ne4 26. Bd3 {Black
resigns} 1-0  aics%